 Dungeon Crawl Stone Soup version 0.25.1-9-gc5326a611f (webtiles) character file.

Game seed: 289581031393108393

8330 teolandon225 the Basher (level 11, 0/95 HPs)
             Began as a Minotaur Gladiator on Dec 30, 2020.
             Was a Believer of Dithmenos.
             Killed from afar by a starcursed mass (8 damage)
             ... with an accursed screaming
             ... on level 1 of the Abyss.
             The game lasted 00:25:12 (8689 turns).

teolandon225 the Basher (Minotaur Gladiator)        Turns: 8689, Time: 00:25:13

Health: 0/95       AC:  9    Str: 20    XL:     11   Next: 8%
Magic:  10/10      EV: 19    Int:  5    God:    Dithmenos [**....]
Gold:   561        SH: 14    Dex: 16    Spells: 10/10 levels left

rFire    . . .     SeeInvis .   j - +2 flail (protect)
rCold    . . .     Gourm    .   e - +3 kite shield
rNeg     . . .     Faith    .   l - +0 ring mail
rPois    .         Spirit   .   c - +0 hat
rElec    .         Reflect  .   z - +0 cloak
rCorr    .         Harm     .   u - +0 pair of gloves
MR       .....     Rnd*Rage +   (no boots)
Stlth    ++........             (no amulet)
HPRegen  0.25/turn              G - +4 ring of evasion
MPRegen  0.12/turn              w - +6 ring of dexterity

@: berserk cooldown, slowed, wreathed by umbra, very slow
A: retaliatory headbutt, horns 2, berserk 1, clumsy 1, weak 1
a: Shadow Step, Renounce Religion


You were on level 1 of the Abyss.
You worshipped Dithmenos.
Dithmenos was pleased with you.
You were not hungry.

You visited 1 branch of the dungeon, and saw 9 of its levels.
You visited the Abyss 1 time.

You collected 561 gold pieces.

Inventory:

Hand Weapons
 a - a +1 vorpal flail
 g - a +0 whip of electrocution
 j - a +2 flail of protection (weapon)
 I - a +0 whip of flaming
Missiles
 d - 4 throwing nets (quivered)
Armour
 c - a +0 hat (worn)
 e - a +3 kite shield (worn)
 l - a +0 ring mail (worn)
 u - a +0 pair of gloves (worn)
 z - a +0 cloak (worn)
Jewellery
 h - an uncursed ring of resist corrosion
 k - an uncursed ring of attention
 t - an uncursed ring of positive energy
 w - a +6 ring of dexterity (right hand)
 G - a +4 ring of evasion (left hand)
Wands
 x - a wand of flame (10)
 y - a wand of acid (7)
 D - a wand of paralysis (6)
Scrolls
 b - 5 scrolls of identify
 i - a scroll of fear
 n - 4 scrolls of teleportation
 p - a scroll of immolation
 q - 2 scrolls of enchant weapon
 r - 2 scrolls of fog
 A - 2 scrolls of blinking
 B - a scroll of remove curse
 K - a scroll of enchant armour
Potions
 o - 4 potions of stabbing
 v - a potion of might
 C - 2 potions of cancellation
 E - a potion of flight
 F - a potion of degeneration
 L - a potion of mutation
Comestibles
 f - 17 rations


   Skills:
 + Level 8.6 Fighting
 * Level 12.1 Maces & Flails
 - Level 2.0 Throwing
 + Level 8.1 Armour
 + Level 8.2 Dodging
 * Level 2.9 Stealth
 + Level 8.1 Shields


You had 10 spell levels left.
You didn't know any spells.
Your spell library contained the following spells:

 Spells                   Type           Power        Failure   Level  Hunger
 Magic Dart               Conj           #...         90%         1    ##.....
 Summon Small Mammal      Summ           #...         90%         1    ##.....
 Call Imp                 Summ           #.......     97%         2    ###....
 Searing Ray              Conj           #.....       97%         2    ###....
 Call Canine Familiar     Summ           #.......     99%         3    ####...
 Dazzling Flash           Conj/Hex       #.....       99%         3    ####...
 Summon Guardian Golem    Hex/Summ       #.......     99%         3    ####...
 Fulminant Prism          Conj/Hex       #.........   100%        4    #####..
 Iskenderun's Mystic Bla  Conj/Tloc      #.......     100%        4    #####..
 Summon Ice Beast         Ice/Summ       #.......     100%        4    #####..
 Summon Lightning Spire   Summ/Air       #.......     100%        4    #####..


Dungeon Overview and Level Annotations

Branches:
Dungeon (9/15)             Temple (0/1) D:7            Lair (0/6) D:9
    Orc: D:9-12

Altars:
Ashenzari
Cheibriados
Dithmenos
Elyvilon
Fedhas
Qazlal
Sif Muna
Uskayaw
Wu Jian
Yredelemnul

Shops:
D:5 }   D:7 (

Portals:
Abyss: D:9

Annotations:
D:9 1 transporter, axecop's ghost, novice NaWz


Innate Abilities, Weirdness & Mutations

You reflexively headbutt those who attack you in melee.
You have a pair of horns on your head.
You tend to lose your temper in combat.
You are clumsy. (Dex -2)
You are weak. (Str -2)


Message History

You furiously retaliate!
You headbutt the flying skull.
A flying skull comes into view.
You block the flying skull's attack. The flying skull barely misses you.
You completely miss the flying skull.
The flying skull is almost destroyed.
The flying skull barely misses you. You furiously retaliate!
You headbutt the flying skull, but do no damage.
The flying skull hits you.
* * * LOW HITPOINT WARNING * * *
The flying skull closely misses you.
Okay, then.
A chorus of shrieks assaults your mind.
* * * LOW HITPOINT WARNING * * *
You block the flying skull's attack. x2
A chorus of shrieks assaults your mind.
* * * LOW HITPOINT WARNING * * *
Okay, then.
Okay, then.
A chorus of shrieks assaults your mind.
You die...

#.#.X # # #.#
######### ##.#
#. #X.# #.
##X## #. #XX#
##.###.##
#....z.######
#.###z#z.......
#@........
#........
.#........ #.
....#... #.
........ #.
.#.##### #.
.#.# #. .#..


You could see 4 starcursed masses and 3 flying skulls.

Vanquished Creatures
  A tentacled starspawn (Abyss:1)
  Pikel (D:5)
  A large abomination (D:9)
  A smoke demon (Abyss:1)
  A hippogriff (D:8)
  A flying skull (Abyss:1)
  Sigmund (D:2)
  Eustachio (D:4)
  3 yaks
  A neqoxec (Abyss:1)
  Duvessa (D:7)
  2 sky beasts
  5 orc warriors
  A black bear (D:7)
  A phantom (D:4)
  A necrophage (D:7)
  4 ogres
  6 centaurs
  A small abomination (D:9)
  8 bullfrogs
  Dowan (D:7)
  A scorpion (D:6)
  7 wights (D:7)
  4 killer bees (D:7)
  A howler monkey (D:2)
  5 crimson imps
  A centaur zombie (D:8)
  6 hounds
  A jelly (D:9)
  5 orc priests
  11 orc wizards
  A bullfrog skeleton (D:8)
  A centaur skeleton (D:5)
  2 iguanas
  5 worker ants
  A hound skeleton (D:6)
  2 worker ant zombies
  9 gnolls
  11 adders
  3 shadow imps
  A white imp (Abyss:1)
  An ooze (D:1)
  An adder zombie (D:6)
  An adder skeleton (D:4)
  A worm (D:6)
  6 dart slugs
  3 leopard geckos
  25 orcs
  3 giant cockroaches
  A goblin (D:2)
  3 hobgoblins
  11 jackals
  4 quokkas
  3 bats
  4 frilled lizards
  9 kobolds
  5 rats
202 creatures vanquished.

Vanquished Creatures (others)
  A bullfrog (D:6)
  A howler monkey (D:6)
  A crimson imp (D:6)
  An orc wizard (D:6)
  A shadow imp (D:6)
  2 orcs (D:6)
  A giant cockroach (D:6)
  2 starspawn tentacles (Abyss:1)
10 creatures vanquished.

Grand Total: 212 creatures vanquished

Notes
Turn   | Place    | Note
-------+----------+-------------------------------------------
     0 | D:1      | teolandon225 the Minotaur Gladiator began the quest for the
                  | Orb.
     0 | D:1      | Reached XP level 1. HP: 18/18 MP: 0/0
   104 | D:1      | Reached XP level 2. HP: 25/25 MP: 1/1
   108 | D:1      | Reached skill level 4 in Maces & Flails
   222 | D:1      | Reached skill level 1 in Armour
   471 | D:1      | Reached XP level 3. HP: 16/30 MP: 2/2
   979 | D:2      | Found a shadowy altar of Dithmenos.
  1038 | D:2      | Became a worshipper of Dithmenos the Shadowed
  1090 | D:2      | Reached skill level 1 in Shields
  1090 | D:2      | Reached XP level 4. HP: 38/38 MP: 3/3
  1230 | D:2      | Reached skill level 5 in Maces & Flails
  1657 | D:2      | Noticed Sigmund
  1665 | D:2      | Killed Sigmund
  1665 | D:2      | Reached XP level 5. HP: 30/46 MP: 4/4
  1665 | D:2      | Reached XP level 6. HP: 34/52 MP: 5/5
  2098 | D:3      | Found a basalt altar of Yredelemnul.
  2167 | D:3      | You fall into a shaft and drop 2 floors!
  2167 | D:5      | Entered Level 5 of the Dungeon
  2403 | D:4      | Found a shattered altar of Ashenzari.
  2444 | D:4      | Noticed Eustachio
  2482 | D:4      | Killed Eustachio
  2482 | D:4      | Reached skill level 6 in Maces & Flails
  2638 | D:4      | Reached XP level 7. HP: 44/60 MP: 6/6
  3622 | D:4      | Reached skill level 7 in Maces & Flails
  3665 | D:5      | Found Rurriest's Gadget Boutique.
  3785 | D:5      | Found a snail-covered altar of Cheibriados.
  3840 | D:5      | Reached skill level 5 in Dodging
  3869 | D:5      | Reached * piety under Dithmenos
  3869 | D:5      | Reached skill level 5 in Fighting
  4303 | D:5      | Reached XP level 8. HP: 68/68 MP: 7/7
  4516 | D:6      | Noticed Pikel
  4549 | D:5      | Killed Pikel
  4549 | D:5      | Reached skill level 8 in Maces & Flails
  4549 | D:5      | Reached skill level 5 in Armour
  4549 | D:5      | Reached skill level 5 in Shields
  4866 | D:6      | Reached skill level 9 in Maces & Flails
  4870 | D:6      | Reached XP level 9. HP: 75/75 MP: 8/8
  5808 | D:7      | Reached ** piety under Dithmenos
  6034 | D:7      | Reached skill level 10 in Maces & Flails
  6050 | D:7      | Found a staircase to the Ecumenical Temple.
  6147 | D:7      | Noticed Dowan
  6151 | D:7      | Noticed Duvessa
  6151 | D:7      | Found Lituimo's Antique Weapon Boutique.
  6157 | D:7      | Killed Duvessa
  6159 | D:7      | Killed Dowan
  6423 | D:7      | Found a stormy altar of Qazlal.
  6878 | D:8      | Reached XP level 10. HP: 81/86 MP: 9/9
  7168 | D:8      | Found a hide-covered altar of Uskayaw.
  7175 | D:8      | Found an ornate altar of the Wu Jian Council.
  7178 | D:8      | Found a white marble altar of Elyvilon.
  7588 | D:9      | Reached skill level 11 in Maces & Flails
  7931 | D:9      | Found a one-way gate to the infinite horrors of the Abyss.
  7931 | D:9      | Noticed axecop's ghost (novice NaWz)
  7932 | D:9      | Identified the cursed +3 battleaxe of the Twisting Bear
                  | {distort, Int+4}
  7932 | D:9      | Noticed a large abomination
  7945 | D:9      | Found a transporter.
  7962 | D:9      | Noticed a rakshasa
  8035 | D:9      | Found a staircase to the Lair.
  8220 | D:9      | Found a shimmering blue altar of Sif Muna.
  8312 | D:9      | Found a blossoming altar of Fedhas.
  8371 | D:9      | Found a transporter.
  8435 | D:9      | Killed a large abomination
  8435 | D:9      | Reached skill level 1 in Stealth
  8437 | D:9      | Cast into level 1 of the Abyss (orc warrior)
  8588 | Abyss:1  | Gained mutation: You are clumsy. (Dex -2) [a neqoxec]
  8600 | Abyss:1  | Gained mutation: You tend to lose your temper in combat. [a
                  | neqoxec]
  8632 | Abyss:1  | Noticed a starcursed mass
  8639 | Abyss:1  | Gained mutation: You are weak. (Str -2) [a neqoxec]
  8666 | Abyss:1  | Noticed a tentacled starspawn
  8666 | Abyss:1  | Noticed a smoke demon
  8670 | Abyss:1  | Killed a smoke demon
  8676 | Abyss:1  | Killed a tentacled starspawn
  8676 | Abyss:1  | Reached skill level 12 in Maces & Flails
  8676 | Abyss:1  | Reached XP level 11. HP: 46/95 MP: 10/10
  8689 | Abyss:1  | Killed from afar by a starcursed mass

Illustrated notes

Levels and vault maps discovered:
D:1:      dpeg_arrival_lava_temple_mockup, layout_basic, serial_bayou_ford_a
D:2:      layout_basic, nicolae_dithmenos_shadow_blocks, uniq_sigmund
D:3:      layout_basic, yredelemnul_altar_generic
D:4:      layout_basic, first_ration, ashenzari_altar_1, uniq_eustachio
D:5:      layout_loops_corners, kennysheep_slug_shrine, serial_shops, shop
D:6:      minmay_diamond_boxcup, layout_basic, uniq_pikel
D:7:      layout_loops_ring, lemuel_coloured_pillars_altar,
          minmay_temple_entry_hall, serial_shops, shop, uniq_duvessa
D:8:      layout_cave_pools, grunt_temple_overflow_open
D:9:      layout_rooms, lemuel_round_altar, kennysheep_mini_moat,
          lair_entry_dummy, gammafunk_ghost_abyssal_escape, grunt_ogre_cave
Abyss:1:  base:
D:6

Skill      XL: |  1  2  3  4  5  6  7  8  9 10 |
---------------+-------------------------------+-----
Maces & Flails | 4 5 6 7 9 10 12 | 12.1
Armour         | 1 2 3 4 5 6 8 |  8.1
Fighting       | 3 4 5 6 7 8 |  8.6
Shields        | 1 2 4 5 6 8 |  8.1
Dodging        | 4 5 6 7 8 |  8.2
Stealth        | 2 |  2.9
Throwing       | |  2.0

Action                   |  1- 3 |  4- 6 |  7- 9 | 10-12 || total
-------------------------+-------+-------+-------+-------++-------
Melee: Flail             |    68 |   104 |   373 |   174 ||   719
       Headbutt          |    14 |    17 |    88 |    51 ||   170
Invok: Shadow Step       |       |       |     2 |     2 ||     4
  Use: Scroll            |     1 |       |    13 |    11 ||    25
       Potion            |       |       |       |     6 ||     6
 Stab: Distracted        |       |       |     1 |       ||     1
       Sleeping          |       |       |       |     1 ||     1
  Eat: Chunk             |     1 |     3 |     5 |     2 ||    11
       Ration            |       |     1 |     2 |     2 ||     5
Armor: Leather armour    |    14 |       |       |       ||    14
       Ring mail         |     5 |    40 |    65 |    17 ||   127
Dodge: Dodged            |    31 |    54 |   170 |    82 ||   337
Block: Kite shield       |    27 |    66 |   238 |    95 ||   426
